 Dungeon Crawl Stone Soup version 0.20-a0-9-g62d82d9 (webtiles) character file.

88 GlassEater the Poker (level 4, -2/37 HPs)
             Began as a Merfolk Fighter on Nov 2, 2016.
             Killed from afar by an orc wizard (4 damage)
             ... with a magic dart
             ... on level 3 of the Dungeon.
             The game lasted 00:03:13 (1655 turns).

GlassEater the Poker (Merfolk Fighter)              Turns: 1655, Time: 00:03:17

Health: -2/37      AC:  6    Str: 17    XL:     4   Next: 53%
Magic:  4/4        EV:  8    Int:  7    God:
Gold:   114        SH:  9    Dex: 13    Spells: 0 memorised, 3 levels left

rFire  . . .     SeeInvis .     a - +0 trident
rCold  . . .     Gourm    .     b - +0 scale mail
rNeg   . . .     Faith    .     c - +0 shield
rPois  .         Spirit   .     (no helmet)
rElec  .         Reflect  .     (no cloak)
rCorr  .         Harm     .     (no gloves)
MR     +....                    (no boots)
Stlth  ..........               (no amulet)
                                (no ring)
                                m - ring of protection from magic

@: no status effects
A: change form in water, swift swim, stealthy swim
a: no special abilities


You were on level 3 of the Dungeon.
You were not hungry.

You visited 1 branch of the dungeon, and saw 3 of its levels.

You collected 114 gold pieces.

Inventory:

Hand Weapons
 a - a +0 trident (weapon)
Armour
 b - a +0 scale mail (worn)
 c - a +0 shield (worn)
Jewellery
 m - a ring of protection from magic (left hand)
Scrolls
 g - 5 scrolls of identify {unknown}
 h - a scroll of noise {unknown}
 j - 2 scrolls of enchant weapon {unknown}
 k - 2 scrolls of teleportation {unknown}
 n - a scroll of amnesia {unknown}
 o - a scroll of enchant armour {unknown}
 q - a scroll of remove curse {unknown}
 r - a scroll of blinking {unknown}
 t - 2 scrolls of fear {unknown}
 u - a scroll of random uselessness {unknown}
Potions
 d - a potion of might
 e - 5 potions of curing {unknown}
 l - a potion of invisibility {unknown}
 p - a potion of flight {unknown}
 s - a potion of beneficial mutation {unknown}
Comestibles
 f - 2 bread rations
 i - 2 chunks of flesh


   Skills:
 + Level 3.8 Fighting
 + Level 3.9 Polearms
 + Level 2.7 Armour
 + Level 2.3 Dodging
 + Level 3.2 Shields


You had 3 spell levels left.
You didn't know any spells.

Dungeon Overview and Level Annotations

Branches:
Dungeon (3/15)

Altars:
The Shining One


Message History

You miss something. Something hits you but does no damage.
A rat comes into view.
You closely miss something.
The rat moves out of view.
You block something's attack.
You miss something.
You hear some strange, mumbled words.
A puff of flame appears from out of thin air!
You block the puff of flame.
You closely miss something.
The orc priest calls down the wrath of Beogh upon you.
Beogh smites you! You block something's attack.
You hear a shout!
You closely miss something.
The orc priest invokes the aid of Beogh against you.
Beogh smites you!
* * * LOW HITPOINT WARNING * * *
You hear some strange, mumbled words.
A magic dart appears from out of thin air!
The magic dart hits you!
You die...

.## #. ...
.. #.. .#
#.. #.#
#.. ..#
#.. ##.#
#.o###.##
#lK{@..<#
#o######.#
.. .# #.
.# # ##


You could see an orc priest, an orc, a kobold and a frilled lizard.

Vanquished Creatures
  3 adders (D:2)
  2 oozes
  2 worms (D:2)
  A dart slug (D:2)
  A giant cockroach (D:1)
  2 goblins (D:1)
  8 hobgoblins
  6 jackals (D:1)
  A quokka (D:2)
  A ball python (D:1)
  A bat (D:2)
  8 frilled lizards (D:1)
  5 kobolds
  7 rats
48 creatures vanquished.

Notes
Turn   | Place    | Note
-------+----------+-------------------------------------------
     0 | D:1      | GlassEater the Merfolk Fighter began the quest for the Orb.
     0 | D:1      | Reached XP level 1. HP: 18/18 MP: 1/1
    94 | D:1      | Reached skill level 1 in Dodging
    97 | D:1      | Reached XP level 2. HP: 17/24 MP: 2/2
   481 | D:1      | Reached XP level 3. HP: 20/29 MP: 3/3
  1061 | D:2      | Reached XP level 4. HP: 37/37 MP: 4/4
  1570 | D:2      | Found a glowing golden altar of the Shining One.
  1655 | D:3      | Killed from afar by an orc wizard

Vault maps used:
D:1:      dpeg_arrival_rooms_with_view, minmay_lizard_pond
D:2:      tso_altar, kennysheep_generic_room_2
D:3:      lemuel_doored_altar, first_bread, nemelex_xobeh_ov_fountains_minmay

Skill      XL: |  1  2  3 |
---------------+----------+-----
Dodging        | 1 2 |  2.3
Fighting       | |  3.8
Polearms       | |  3.9
Armour         | |  2.7
Shields        | |  3.2

Action                   |  1- 3 |  4- 6 || total
-------------------------+-------+-------++-------
Melee: Trident           |   116 |    72 ||   188
       Tailslap          |       |     1 ||     1
  Eat: Chunk             |     1 |     2 ||     3
Armor: Scale mail        |    39 |    18 ||    57
Dodge: Dodged            |    25 |    18 ||    43
Block: Shield            |    47 |    29 ||    76
